 Dungeon Crawl Stone Soup version 0.24-a0-769-g368c1644f8 (webtiles) character file.

Game seed: 3260844517329878749, levelgen mode: deterministic

13481 Erk the Fighter (level 11, -5/107 HPs)
             Began as a Minotaur Berserker on Oct 6, 2019.
             Was a High Priest of Trog.
             Slain by an enormous slime creature (19 damage)
             ... on level 11 of the Dungeon.
             The game lasted 00:54:11 (8374 turns).

Erk the Fighter (Minotaur Berserker)                Turns: 8374, Time: 00:54:11

Health: -5/107     AC: 21    Str: 31    XL:     11   Next: 76%
Magic:  10/10      EV: 10    Int:  4    God:    Trog [*****.]
Gold:   489        SH:  0    Dex: 15    Spells: 10/10 levels left

rFire    + . .     SeeInvis .   w - +3 great mace (protect)
rCold    + . .     Gourm    .   (shield currently unavailable)
rNeg     . . .     Faith    .   r - +5 chain mail of Happiness {rCorr Dex+6}
rPois    .         Spirit   .   (helmet restricted)
rElec    .         Reflect  .   n - scarf {rC+ rF+}
rCorr    +         Harm     .   m - +0 pair of gloves
MR       ++...                  (no boots)
Stlth    ..........             h - amulet of regeneration
HPRegen  1.67/turn              p - +3 ring of strength
MPRegen  0.12/turn              v - ring of stealth

@: regenerating
A: retaliatory headbutt, fangs 1, horns 2, slimy green scales 1, blurry vision
1, strong 1
a: Berserk, Trog's Hand, Brothers in Arms, Renounce Religion


You were on level 11 of the Dungeon.
You worshipped Trog.
Trog was extremely pleased with you.
You were very hungry.

You visited 2 branches of the dungeon, and saw 13 of its levels.

You collected 489 gold pieces.

Inventory:

Hand Weapons
 k - a +2 scimitar of flaming
 u - a +2 dagger of chaos
 w - a +3 great mace of protection (weapon)
 z - a +2 long sword of chaos
 D - a +2 short sword of venom
 G - a +0 battleaxe
 L - a +2 longbow of freezing
 N - a +4 hand axe
Missiles
 f - 79 poisoned darts (quivered)
 y - 4 silver boomerangs
 C - 23 arrows
 I - 2 throwing nets
Armour
 l - a +1 plate armour of fire resistance
 m - a +0 pair of gloves (worn)
 n - a scarf of resistance (worn)
 o - a +2 shield
 r - the +5 chain mail of Happiness (worn) {rCorr Dex+6}
   (You found it on level 8 of the Dungeon)

   It affects your dexterity (+6).
   It provides partial protection from all sources of acid and corrosion.
 J - a +0 troll leather armour
Jewellery
 h - an amulet of regeneration (around neck)
 p - a +3 ring of strength (left hand)
 v - a ring of stealth (right hand)
Wands
 A - a wand of enslavement (6)
 B - a wand of scattershot (6)
 F - a wand of flame (19)
 H - a wand of polymorph (14)
 K - a wand of random effects (10)
Scrolls
 a - a scroll of enchant weapon
 d - a scroll of fog
 e - 12 scrolls of remove curse
 j - 7 scrolls of teleportation
 q - 2 scrolls of enchant armour
 s - 2 scrolls of magic mapping
 t - 4 scrolls of fear
 x - a scroll of identify
Potions
 b - a potion of brilliance
 g - 8 potions of curing
 i - a potion of heal wounds
 M - a potion of haste
Comestibles
 c - 27 rations
 O - 3 chunks of flesh


   Skills:
 + Level 13.3 Fighting
 - Level 3.6 Long Blades
 + Level 11.7 Maces & Flails
 + Level 13.1 Armour
 - Level 2.1 Dodging
 - Level 4.6 Shields


You had 10 spell levels left.
You didn't know any spells.
Your spell library was empty.

Dungeon Overview and Level Annotations

Branches:
Dungeon (12/15)            Temple (1/1) D:7            Lair (0/6) D:10
    Orc: D:9-12

Altars:
Ashenzari
Cheibriados
Dithmenos
Elyvilon
Fedhas
Gozag
Hepliaklqana
Kikubaaqudgha
Makhleb
Nemelex Xobeh
Okawaru
Qazlal
Ru
Sif Muna
Trog
Uskayaw
Vehumet
Wu Jian
Xom
Yredelemnul
Zin
The Shining One
Lugonu

Shops:
D:8 [

Annotations:
D:10 2 transporters


Innate Abilities, Weirdness & Mutations

You reflexively headbutt those who attack you in melee.
You have a pair of horns on your head.
You have very sharp teeth.
You are partially covered in slimy green scales. (AC +2)
Scrolls take you a little longer to read.
Your muscles are strong. (Str +2)


Message History

You feel resistant to hostile enchantments.
You are feeling hungry.
Okay, then.
Found a pair of gloves.
Your ogre goes berserk!
You are feeling very hungry.
You recover from your berserk rage.
Your ogre barely misses the enormous slime creature.
Your ogre hits the enormous slime creature with a +0 giant club!!
What are your orders? t - Shout!
Orders for allies: a - Attack new target. r - Retreat! s - Stop attacking. g - Guard the area. f - Follow me.
Anything else - Cancel.
Gang up on whom?
Press: ? - help, Dir - move target cursor, f - enormous slime creature
Aim: an enormous slime creature (heavily wounded) Attack!
The enormous slime creature hits you!!
You die...

.. #. ... .##.# #. .##
....# #. .# ..##
#....###.. ..## ##...##.
#..#.. ... #..##..
##...## ..# ..#
#.####.....###..#
..###.).....#.OJ#...#
.#....)....#.>##@...#
†.......)....####......#
....>..........###[...##
†................##..##
.................# .##
.............)...# #
.................#
.....................
.....................


You could see an enormous slime creature and a friendly ogre (berserk).

Vanquished Creatures
  Harold (D:7)
  Erica (D:8)
  A centaur warrior (D:10)
  A dancing weapon (D:6)
  An unseen horror (D:10)
  An ugly thing (D:12)
  4 trolls
  Prince Ribbit (D:6)
  A hornet (D:9)
  5 hippogriffs
  15 yaks
  A wyvern (D:7)
  A hungry ghost (D:10)
  Eustachio (D:4)
  3 orc warriors
  3 ice beasts
  2 sky beasts
  7 ogres
  6 centaurs
  The ghost of stillor the Insei, an amateur OpTm (D:6)
  A big kobold (D:9)
  10 bullfrogs
  A wyvern zombie (D:10)
  A scorpion (D:11)
  10 killer bees (D:11)
  4 wights
  8 howler monkeys
  2 electric eels (D:10)
  6 crimson imps
  2 centaur zombies
  4 hounds
  8 jellies
  A bullfrog skeleton (D:8)
  6 orc priests
  7 orc wizards
  2 centaur skeletons
  Natasha (D:2)
  5 iguanas
  5 worker ants
  2 hound skeletons
  A howler monkey zombie (D:6)
  4 gnolls (D:3)
  8 adders
  2 shadow imps
  2 oozes (D:1)
  An adder zombie (D:9)
  3 worms (D:2)
  A dart slug (D:1)
  3 leopard geckos
  26 orcs
  2 ball pythons
  9 bats
  4 giant cockroaches
  7 goblins
  8 hobgoblins
  12 jackals
  4 frilled lizards
  A jackal skeleton (D:4)
  15 kobolds
  A leopard gecko skeleton (D:4)
  A leopard gecko zombie (D:6)
  2 quokka skeletons
  10 rats
270 creatures vanquished.

Notes
Turn   | Place    | Note
-------+----------+-------------------------------------------
     0 | D:1      | Erk the Minotaur Berserker began the quest for the Orb.
     0 | D:1      | Reached XP level 1. HP: 19/19 MP: 0/0
   107 | D:1      | Reached XP level 2. HP: 23/27 MP: 1/1
   365 | D:1      | Reached XP level 3. HP: 30/34 MP: 2/2
   469 | D:1      | Reached ** piety under Trog
  1407 | D:2      | Reached XP level 4. HP: 41/41 MP: 3/3
  1503 | D:2      | Noticed Natasha
  1512 | D:2      | Killed Natasha
  1512 | D:2      | Reached skill level 5 in Fighting
  1512 | D:2      | Reached skill level 1 in Shields
  2029 | D:3      | Noticed an ogre
  2038 | D:3      | Killed an ogre
  2038 | D:3      | Reached XP level 5. HP: 48/49 MP: 4/4
  2084 | D:3      | Found a shattered altar of Ashenzari.
  2108 | D:3      | Reached skill level 5 in Armour
  2124 | D:3      | Reached XP level 6. HP: 50/57 MP: 5/5
  2316 | D:3      | Found an ancient bone altar of Kikubaaqudgha.
  2535 | D:3      | Reached *** piety under Trog
  2715 | D:4      | Noticed Eustachio
  2718 | D:4      | Reached XP level 7. HP: 64/64 MP: 6/6
  2733 | D:4      | Killed Eustachio
  2812 | D:4      | Found a shimmering altar of Xom.
  2812 | D:4      | Found a burning altar of Makhleb.
  3223 | D:5      | Entered Level 5 of the Dungeon
  3265 | D:5      | Reached skill level 1 in Maces & Flails
  3685 | D:6      | Noticed a +2 long sword of chaos
  3686 | D:6      | Found a runed translucent door.
  3686 | D:6      | Found a shimmering altar of Xom.
  3686 | D:6      | Noticed stillor's ghost (amateur OpTm)
  3704 | D:6      | Killed a +2 long sword of chaos
  3704 | D:6      | Reached XP level 8. HP: 60/75 MP: 4/7
  3707 | D:6      | Killed stillor's ghost
  3785 | D:6      | Reached skill level 5 in Maces & Flails
  4098 | D:6      | Reached **** piety under Trog
  4107 | D:6      | Found a shadowy altar of Dithmenos.
  4133 | D:6      | Reached XP level 9. HP: 66/83 MP: 8/8
  4230 | D:6      | Noticed Prince Ribbit
  4476 | D:7      | Found a staircase to the Ecumenical Temple.
  4496 | D:7      | Found a shadowy altar of Dithmenos.
  4572 | D:7      | Noticed Harold
  4584 | D:7      | Killed Harold
  4584 | D:7      | Reached skill level 10 in Fighting
  4599 | D:7      | Reached skill level 10 in Armour
  4863 | D:7      | Found a white marble altar of Elyvilon.
  4929 | D:7      | Found a sacrificial altar of Ru.
  5177 | D:8      | Reached XP level 10. HP: 84/94 MP: 9/9
  5303 | D:8      | Gained mutation: You are partially covered in slimy green
                  | scales. (AC +2) [potion of mutation]
  5303 | D:8      | Gained mutation: Scrolls take you a little longer to read.
                  | [potion of mutation]
  5303 | D:8      | Gained mutation: Your muscles are strong. (Str +2) [potion
                  | of mutation]
  5303 | D:8      | Gained mutation: You have very sharp teeth. [potion of
                  | mutation]
  5610 | D:8      | Found a stormy altar of Qazlal.
  5641 | D:8      | Got a transparent chain mail
  5647 | D:8      | Identified the +5 chain mail of Happiness {rCorr Dex+6}
                  | (You found it on level 8 of the Dungeon)
  5980 | D:8      | Noticed Erica
  5987 | D:8      | Killed Erica
  5996 | D:8      | Found Adghaos's Armour Shoppe.
  6202 | Temple   | Entered the Ecumenical Temple
  6362 | D:6      | Killed Prince Ribbit
  6717 | D:9      | Reached ***** piety under Trog
  7178 | D:10     | Entered Level 10 of the Dungeon
  7198 | D:10     | Reached skill level 10 in Maces & Flails
  7281 | D:10     | Noticed a centaur warrior
  7289 | D:10     | Killed a centaur warrior
  7289 | D:10     | Reached XP level 11. HP: 100/104 MP: 10/10
  7426 | D:10     | Received a gift from Trog
  7509 | D:10     | Found a transporter.
  7511 | D:10     | Noticed a white very ugly thing
  7511 | D:10     | Noticed a white ugly thing
  7511 | D:10     | Noticed a white ugly thing
  7512 | D:10     | Found a corrupted altar of Lugonu.
  7512 | D:10     | Noticed a purple ugly thing
  7669 | D:10     | Killed an unseen horror
  7736 | D:10     | Found a transporter.
  7820 | D:10     | Found a staircase to the Lair.
  8296 | D:12     | Noticed a purple ugly thing
  8310 | D:12     | Killed a purple ugly thing
  8367 | D:12     | HP: 3/107 [very large slime creature (48)]
  8374 | D:11     | Slain by an enormous slime creature

Levels and vault maps discovered:
D:1:      wheals_arrival_linesprint, layout_basic
D:2:      layout_basic, first_ration, roderic_cross_of_infinity, uniq_natasha
D:3:      layout_basic, evilmike_ruin_ashenzari, lemuel_coloured_pillars_altar
D:4:      layout_loops_ring, grunt_temple_overflow_champion_of_chaos,
          uniq_eustachio
D:5:      layout_rooms, serial_park_tiny_1, nicolae_underground_beach
D:6:      layout_basic, ebering_ghost_xom, st_stairs_11,
          nicolae_dithmenos_shadow_blocks, uniq_prince_ribbit1
D:7:      layout_rooms, elyvilon_altar_3, kennysheep_little_box,
          minmay_temple_entry_gardened_gates, serial_rivers,
          chequers_serial_rivers_small_a, chequers_serial_rivers_room_a,
          chequers_serial_rivers_micro_a, chequers_serial_rivers_micro_b,
          chequers_serial_rivers_large_a, chequers_serial_rivers_room_a,
          abandoned_shop, grunt_ogre_cave, nicolae_ru_the_path_less_chosen,
          uniq_harold
D:8:      layout_basic, basic_altar, serial_shops, nicolae_shop_trees,
          uniq_erica
D:9:      layout_loops_ring
D:10:     gammafunk_corrupted_shrine, layout_basic, lair_entry_dummy
D:11:     layout_layer_cave, serial_shops, shop
D:12:     layout_loops_ring, erik_orc_1, uniq_nessos
Temple:   nicolae_temple_elliptical

Skill      XL: |  1  2  3  4  5  6  7  8  9 10 11 |
---------------+----------------------------------+-----
Fighting       | 4 5 6 8 9 10 12 13 | 13.3
Armour         | 3 4 5 7 8 10 11 13 | 13.1
Shields        | 2 3 4 |  4.6
Maces & Flails | 4 5 8 10 11 | 11.7
Long Blades    | |  3.6
Dodging        | |  2.1

Action                   |  1- 3 |  4- 6 |  7- 9 | 10-12 || total
-------------------------+-------+-------+-------+-------++-------
Melee: Falchion          |    40 |       |       |       ||    40
       Headbutt          |    14 |    22 |    37 |    73 ||   146
       Mace              |    37 |   111 |    12 |       ||   160
       Great mace        |       |       |   199 |   269 ||   468
       Bite              |       |       |       |    28 ||    28
Throw: Dart              |       |     4 |       |       ||     4
Invok: Berserk           |       |     1 |     2 |     2 ||     5
       Trog's Hand       |       |     1 |     2 |     2 ||     5
       Brothers in Arms  |       |       |       |     1 ||     1
Evoke: Wand              |       |       |       |     3 ||     3
  Use: Scroll            |       |     6 |       |    10 ||    16
       Potion            |       |       |       |     6 ||     6
 Stab: Sleeping          |     1 |       |       |       ||     1
  Eat: Chunk             |     1 |     6 |    11 |    12 ||    30
       Ration            |       |       |       |     1 ||     1
Armor: Animal skin       |     1 |       |       |       ||     1
       Chain mail        |    15 |       |       |   231 ||   246
       Leather armour    |    10 |       |       |       ||    10
       Plate armour      |       |    89 |   195 |    13 ||   297
Dodge: Dodged            |    46 |    26 |    96 |   176 ||   344
Block: Shield            |    14 |    87 |     9 |       ||   110
       Rpst.: Falchion   |     6 |       |       |       ||     6

Table legend:
 A = Non-vault XP
 B = Vault XP
 C = Vault XP percentage of total XP
 D = Non-vault monster count
 E = Vault monster count
 F = Vault count percentage of total count
                 A         B        C        D         E       F
            +---------+---------+-------+---------+---------+-------
      Total |   15649 |    3610 |  18.7 |     258 |      12 |   4.4
            +---------+---------+-------+---------+---------+-------
        D:1 |      52 |       0 |   0.0 |      25 |       0 |   0.0
        D:2 |      75 |      37 |  33.0 |      27 |       1 |   3.6
        D:3 |     230 |       0 |   0.0 |      21 |       0 |   0.0
        D:4 |     362 |     233 |  39.2 |      11 |       2 |  15.4
        D:5 |     173 |       0 |   0.0 |      11 |       0 |   0.0
        D:6 |     894 |    1345 |  60.1 |      21 |       6 |  22.2
        D:7 |    1037 |    1083 |  51.1 |      21 |       2 |   8.7
        D:8 |    1111 |     912 |  45.1 |      13 |       1 |   7.1
        D:9 |    2113 |       0 |   0.0 |      36 |       0 |   0.0
       D:10 |    4594 |       0 |   0.0 |      30 |       0 |   0.0
       D:11 |    3030 |       0 |   0.0 |      30 |       0 |   0.0
       D:12 |    1978 |       0 |   0.0 |      12 |       0 |   0.0
            +---------+---------+-------+---------+---------+-------
